Remparts vs Ice Dragons

Created - February 15, 2021 at 19:18

Goals
1 2 3 T
Remparts 1 2 2 5
Ice Dragons 4 2 1 7
Shots
1 2 3 T
Remparts 17 10 11 38
Ice Dragons 14 13 8 35

1st period

1. Ice Dragons , Corban Knight 24 (Emil Pettersson 29, Logan MacMillan 21) at 7:53
2. Ice Dragons , Kevin Connauton 11 (William Carrier 9, Sam Carrick 28) at 16:09 (PP)
3. Ice Dragons , Billy Sweat 38 (Brandon Kozun 22) at 16:32 (PP)
4. Remparts , Michael Latta 32 (William Colbert 13, Niklas Hansson 7) at 18:04
5. Ice Dragons , Sam Carrick 27 (William Carrier 10, Kevin Connauton 41) at 19:30 (PP)

Penalties :
Kerby Rychel (Que) for Hooking (Minor) at 11:26, William Colbert (Que) for Roughing (Minor) at 15:22, Tobias Rieder (Que) for High sticking (Minor) at 16:28, Tobias Rieder (Que) for Roughing (Minor) at 18:54

2nd period

6. Remparts , Jake Virtanen 16 (Mitchell Heard 3, Matt Puempel 11) at 2:46
7. Remparts , Kerby Rychel 17 (Quinton Howden 24, Michael Latta 38) at 6:20
8. Ice Dragons , Billy Sweat 39 (Brandon Kozun 23, Corban Knight 52) at 14:55
9. Ice Dragons , Justin Shugg 8 (Kevin Connauton 42, Samuel Groulx 19) at 18:30

Penalties :
Kevin Connauton (Kin) for Hooking (Minor) at 16:19

3rd period

10. Remparts , Kyle Platzer 3 (John Draeger 9, Garret Sparks) at 15:43
11. Ice Dragons , Sam Carrick 28 (William Carrier 11) at 16:57 (PP)
12. Remparts , Jonathan Huberdeau 11 (Michael Latta 39) at 17:40

Penalties :
Corban Knight (Kin) for Cross-checking (Minor) at 11:36, Michael Latta (Que) for Elbowing (Minor) at 12:48, Mitchell Heard (Que) for Tripping (Minor) at 16:25

Goalie Stats

Garret Sparks (Que), 18 saves from 21 shots - (0.857), L, 5-12-1, 40:30 minutes
Igor Bobkov (Que), 10 saves from 14 shots - (0.714), 19:30 minutes
Chet Pickard (Kin), 33 saves from 38 shots - (0.868), W, 20-14-2, 60:00 minutes

Players Stats for Remparts

Player Name              G  A  P  +/- PIM S  H  SB GA TA FO     MP     PP MP  PK MP  
------------------------------------------------------------------------------------
Aaron Ekblad             0  0  0  -1  0   2  1  1  0  0  0/0    27:41   1:49   3:07 
Jake Virtanen            1  0  1   0  0   3  1  0  0  0  2/3    14:27   1:23   0:11 
Jerry D'Amigo            0  0  0   1  0   2  1  0  0  0  0/1    13:36   0:06   0:29 
John Draeger             0  1  1   2  0   0  0  1  0  3  0/0    16:04   1:22   1:31 
Jonathan Huberdeau       1  0  1   1  0   6  2  0  1  0  3/3    21:29   1:42   1:27 
Kerby Rychel             1  0  1   2  2   2  1  0  0  0  0/0    13:44   1:23   0:00 
Kyle Platzer             1  0  1  -1  0   5  0  1  0  0  1/6     9:15   0:06   0:30 
Matt Puempel             0  1  1   0  0   2  0  0  0  0  0/0    11:50   0:00   0:00 
Michael Latta            1  2  3   1  2   4  1  0  0  3  22/40  22:18   1:41   3:02 
Michael McCarron         0  0  0   0  0   2  3  0  0  0  0/0     8:26   0:00   0:00 
Michal Jordan            0  0  0  -1  0   2  1  0  0  0  0/0    24:44   1:49   0:11 
Mitchell Heard           0  1  1   0  2   1  1  0  0  0  3/6    11:49   0:00   0:00 
Niklas Hansson           0  1  1   1  0   3  0  0  0  1  0/0    19:12   0:00   3:28 
Quinton Howden           0  1  1   2  0   1  5  0  0  0  0/2    15:23   1:23   1:27 
Roberts Lipsbergs        0  0  0  -1  0   1  0  0  0  0  0/1     9:22   0:06   0:09 
Tobias Rieder            0  0  0   1  4   1  4  0  1  1  2/3    22:19   1:42   3:05 
Viktor Baldayev          0  0  0   3  0   1  0  0  0  0  0/0    13:11   0:00   0:32 
William Colbert          0  1  1   0  2   0  0  1  0  0  0/0    19:07   1:22   1:31 

Players Stats for Ice Dragons

Player Name              G  A  P  +/- PIM S  H  SB GA TA FO     MP     PP MP  PK MP  
------------------------------------------------------------------------------------
Alex Plante              0  0  0  -1  0   0  0  2  0  0  0/0    18:07   1:29   1:25 
Billy Sweat              2  0  2   2  0   5  3  0  1  0  0/1    21:54   2:35   0:33 
Brandon Kozun            0  2  2   2  0   0  1  1  2  0  2/5    21:23   2:35   0:00 
Chris Wagner             0  0  0  -2  0   2  0  0  0  0  1/3    13:06   0:35   0:00 
Corban Knight            1  1  2   2  2   5  0  0  0  1  20/40  22:43   3:07   0:51 
Emil Pettersson          0  1  1  -2  0   3  0  0  0  0  3/7    12:04   0:00   1:05 
Jerome Gauthier-Leduc    0  0  0   0  0   1  0  0  0  0  0/0    10:14   3:41   1:07 
Juho Lammikko            0  0  0   0  0   0  0  0  0  0  0/0     6:10   0:03   0:00 
Justin Shugg             1  0  1  -2  0   2  1  0  0  0  0/0    16:57   2:00   0:00 
Kevin Connauton          1  2  3  -1  2   3  0  1  2  1  0/0    26:00   3:41   0:39 
Logan MacMillan          0  1  1  -2  0   1  1  2  0  0  0/0    19:08   0:35   1:50 
Luca Sbisa               0  0  0   0  0   0  0  0  0  0  0/0    10:06   0:00   0:00 
Robin Norell             0  0  0   0  0   0  0  1  0  0  0/0    11:52   0:00   1:46 
Sam Carrick              2  1  3  -2  0   6  2  0  1  0  4/6    17:12   2:00   0:33 
Samuel Groulx            0  1  1  -1  0   2  0  2  2  0  0/0    24:38   1:29   1:25 
Theodor Blueger          0  0  0   0  0   0  0  0  0  0  2/3     7:02   0:00   0:42 
William Carrier          0  3  3  -2  0   4  2  0  0  0  0/0    18:22   2:00   0:48 
Zach Trotman             0  0  0  -1  0   1  2  2  0  0  0/0    19:02   0:00   0:00 

3 Stars

1 - Billy Sweat (Kin)
2 - Sam Carrick (Kin)
3 - Brandon Kozun (Kin)

Power Play

Remparts - 0 on 2 Attempt(s) - 0.00%
Ice Dragons - 4 on 6 Attempt(s) - 66.67%

Penalty Kill

Remparts - 2 on 6 Attempt(s) - 33.33% - Score 0 goal in Penalty Kill
Ice Dragons - 2 on 2 Attempt(s) - 100.00% - Score 0 goal in Penalty Kill

Team Stat

Remparts - Hits : 21 - Faceoff Wins : 33 - Blocked Shots : 4 - Penalty Minutes : 12
Ice Dragons - Hits : 12 - Faceoff Wins : 32 - Blocked Shots : 11 - Penalty Minutes : 4

Official

Referees : Unknown
Linesman : Unknown

Game Notes

Garret Sparks enters game at 19:30 of 1st period

Finance

Level 1 -- Attendance: 1488 (74.40%) -- Ticket Income $59,520
Level 2 -- Attendance: 748 (74.80%) -- Ticket Income $14,960
Total Attendance: 2236 (74.53%)
Total Ticket Income: $74,480
Other Income: $3,724
Total Income: $78,204

Remparts

5 vs 5 Forward 
   Center                   Left Wing                Right Wing               Time % Phy DF OF 
 1 Michael Latta            Jonathan Huberdeau       Tobias Rieder            40     0   2  3  
 2 Quinton Howden           Kerby Rychel             Jerry D'Amigo            30     0   2  3  
 3 Mitchell Heard           Matt Puempel             Jake Virtanen            20     0   3  2  
 4 Kyle Platzer             Roberts Lipsbergs        Michael McCarron         10     1   2  2  

5 vs 5 Defense 
   Defense                  Defense                                           Time % Phy DF OF 
 1 Aaron Ekblad             Michal Jordan                                     40     0   2  3  
 2 William Colbert          Niklas Hansson                                    30     0   2  3  
 3 Viktor Baldayev          John Draeger                                      20     1   2  2  
 4 Aaron Ekblad             Michal Jordan                                     10     0   2  3  

PowerPlay Forward 
   Center                   Left Wing                Right Wing               Time % Phy DF OF 
 1 Michael Latta            Jonathan Huberdeau       Tobias Rieder            60     0   1  4  
 2 Quinton Howden           Kerby Rychel             Jake Virtanen            40     0   1  4  

PowerPlay Defense
   Defense                  Defense                                           Time % Phy DF OF 
 1 Aaron Ekblad             Michal Jordan                                     60     0   2  3  
 2 John Draeger             William Colbert                                   40     0   2  3  

Penalty Kill 4 Players Forward 
   Center                   Wing                     Time % Phy DF OF 
 1 Michael Latta            Tobias Rieder            60     1   3  1  
 2 Quinton Howden           Jerry D'Amigo            40     1   3  1  

Penalty Kill 4 Players Defense
   Defense                  Defense                  Time % Phy DF OF 
 1 Aaron Ekblad             Niklas Hansson           60     1   4  0  
 2 William Colbert          John Draeger             40     1   4  0  

Penalty Kill - 3 Players Forward 
   Forward                                           Time % Phy DF OF 
 1 Michael Latta                                     60     1   3  1  
 2 Tobias Rieder                                     40     1   3  1  

Penalty Kill - 3 Players Defense
   Defense                  Defense                  Time % Phy DF OF 
 1 Aaron Ekblad             Niklas Hansson           60     1   4  0  
 2 John Draeger             William Colbert          40     1   4  0  

4 vs 4 Forward 
   Center                   Wing                     Time % Phy DF OF 
 1 Michael Latta            Jonathan Huberdeau       60     0   2  3  
 2 Quinton Howden           Tobias Rieder            40     0   2  3  

4 vs 4 Defense
   Defense                  Defense                  Time % Phy DF OF 
 1 Aaron Ekblad             Michal Jordan            60     0   2  3  
 2 William Colbert          Niklas Hansson           40     0   2  3  

Last Minutes Offensive
   Center                   Left Wing                Right Wing               Defense                  Defense                  
   Michael Latta            Jonathan Huberdeau       Tobias Rieder            Aaron Ekblad             Michal Jordan            

Last Minutes Defensive
   Center                   Left Wing                Right Wing               Defense                  Defense                  
   Michael Latta            Kerby Rychel             Tobias Rieder            Aaron Ekblad             Niklas Hansson           

Goaltenders
Starting : Igor Bobkov              
Backup : Garret Sparks            

Extra Forwards
Normal : Jake Virtanen, Jonathan Huberdeau, Tobias Rieder - PP : Jake Virtanen, Tobias Rieder - PK : Michael Latta
Extra Defensemen
Normal : Niklas Hansson, Aaron Ekblad, Michal Jordan - PP : Niklas Hansson - PK : John Draeger, Aaron Ekblad
Penalty Shots
Jerry D'Amigo, Jake Virtanen, Jonathan Huberdeau, Quinton Howden, Tobias Rieder

Scratches
Juuso Ikonen (Healthy), Michael Downing (Healthy), Keaton Thompson (Healthy), Connor Honey (Healthy), Griffin Reinhart (Broken Ribs Injury)
Lukas Vejdemo (Healthy), Kyle Capobianco (Healthy), Dmytro Timashov (Healthy), Anton Zlobin (Healthy), Aleksander Barkov (Strained Right Elbow Injury)
Nelson Nogier (Healthy), Jake Walman (Healthy), Marek Langhamer (Healthy)

Ice Dragons

5 vs 5 Forward 
   Center                   Left Wing                Right Wing               Time % Phy DF OF 
 1 Corban Knight            Billy Sweat              Brandon Kozun            40     1   2  2  
 2 Sam Carrick              William Carrier          Justin Shugg             30     1   2  2  
 3 Emil Pettersson          Logan MacMillan          Chris Wagner             20     1   2  2  
 4 Theodor Blueger          Logan MacMillan          Juho Lammikko            10     1   2  2  

5 vs 5 Defense 
   Defense                  Defense                                           Time % Phy DF OF 
 1 Kevin Connauton          Samuel Groulx                                     40     1   2  2  
 2 Zach Trotman             Alex Plante                                       30     1   2  2  
 3 Robin Norell             Luca Sbisa                                        20     1   2  2  
 4 Jerome Gauthier-Leduc    Zach Trotman                                      10     1   2  2  

PowerPlay Forward 
   Center                   Left Wing                Right Wing               Time % Phy DF OF 
 1 Corban Knight            Billy Sweat              Brandon Kozun            60     1   2  2  
 2 Sam Carrick              William Carrier          Justin Shugg             40     1   2  2  

PowerPlay Defense
   Defense                  Defense                                           Time % Phy DF OF 
 1 Kevin Connauton          Jerome Gauthier-Leduc                             60     1   2  2  
 2 Samuel Groulx            Alex Plante                                       40     1   2  2  

Penalty Kill 4 Players Forward 
   Center                   Wing                     Time % Phy DF OF 
 1 Corban Knight            Logan MacMillan          60     1   4  0  
 2 Billy Sweat              Sam Carrick              40     1   4  0  

Penalty Kill 4 Players Defense
   Defense                  Defense                  Time % Phy DF OF 
 1 Kevin Connauton          Robin Norell             60     1   4  0  
 2 Samuel Groulx            Alex Plante              40     1   4  0  

Penalty Kill - 3 Players Forward 
   Forward                                           Time % Phy DF OF 
 1 Corban Knight                                     60     1   4  0  
 2 Logan MacMillan                                   40     1   4  0  

Penalty Kill - 3 Players Defense
   Defense                  Defense                  Time % Phy DF OF 
 1 Kevin Connauton          Robin Norell             60     1   4  0  
 2 Samuel Groulx            Alex Plante              40     1   4  0  

4 vs 4 Forward 
   Center                   Wing                     Time % Phy DF OF 
 1 Corban Knight            Logan MacMillan          60     1   2  2  
 2 Billy Sweat              Sam Carrick              40     1   2  2  

4 vs 4 Defense
   Defense                  Defense                  Time % Phy DF OF 
 1 Kevin Connauton          Jerome Gauthier-Leduc    60     1   2  2  
 2 Samuel Groulx            Alex Plante              40     1   2  2  

Last Minutes Offensive
   Center                   Left Wing                Right Wing               Defense                  Defense                  
   Corban Knight            Billy Sweat              Brandon Kozun            Kevin Connauton          Jerome Gauthier-Leduc    

Last Minutes Defensive
   Center                   Left Wing                Right Wing               Defense                  Defense                  
   Corban Knight            Billy Sweat              Brandon Kozun            Kevin Connauton          Robin Norell             

Goaltenders
Starting : Chet Pickard             
Backup : Joacim Eriksson          

Extra Forwards
Normal : Chris Wagner, Logan MacMillan, Emil Pettersson - PP : Chris Wagner, Logan MacMillan - PK : Emil Pettersson
Extra Defensemen
Normal : Zach Trotman, Jerome Gauthier-Leduc, Samuel Groulx - PP : Zach Trotman - PK : Jerome Gauthier-Leduc, Samuel Groulx
Penalty Shots
Corban Knight, Brandon Kozun, Billy Sweat, Sam Carrick, Logan MacMillan

Scratches
Thomas Gobeil (Healthy), David Shields (Healthy), Jordan LaVallee (Strained Right Elbow Injury), Alex Henriksson (Healthy), Cole Ully (Healthy)
Mario Lucia (Healthy), Phil Di Giuseppe (Healthy), Alex Lintuniemi (Healthy), Oscar Dansk (Healthy)

% Time on Ice - Remparts

Lines # - Real PCT - Wanted PCT - Time Play
Normal Forward
1 - 36% - 40% - 18:15
2 - 24% - 30% - 12:21
3 - 23% - 20% - 11:50
4 - 17% - 10% - 8:26
Normal Defense
1 - 38% - 40% - 19:24
2 - 32% - 30% - 16:15
3 - 25% - 20% - 12:39
4 - 5% - 10% - 2:34
PP Forward
1 - 57% - 60% - 1:48
2 - 43% - 40% - 1:23
PP Defense
1 - 57% - 60% - 1:49
2 - 43% - 40% - 1:22
PK Forward
1 - 91% - 60% - 4:41
2 - 9% - 40% - 0:29
PK Defense
1 - 71% - 60% - 3:39
2 - 29% - 40% - 1:31
PK3 Forward
1 - 0% - 60%
2 - 0% - 40%
PK3 Defense
1 - 0% - 60%
2 - 0% - 40%
44 Forward
1 - 100% - 60% - 0:47
2 - 0% - 40% - 0:00
44 Defense
1 - 100% - 60% - 0:47
2 - 0% - 40% - 0:00
Last Minute Offensive  - 0:00
Last Minute Defensive  - 0:00
Total
Forward - 60:00
Defense - 60:00

% Time on Ice - Ice Dragons

Lines # - Real PCT - Wanted PCT - Time Play
Normal Forward
1 - 38% - 40% - 19:20
2 - 29% - 30% - 14:39
3 - 21% - 20% - 10:46
4 - 12% - 10% - 6:07
Normal Defense
1 - 41% - 40% - 20:54
2 - 30% - 30% - 15:13
3 - 20% - 20% - 10:06
4 - 9% - 10% - 4:39
PP Forward
1 - 61% - 60% - 3:10
2 - 39% - 40% - 2:00
PP Defense
1 - 71% - 60% - 3:41
2 - 29% - 40% - 1:29
PK Forward
1 - 83% - 60% - 2:38
2 - 17% - 40% - 0:33
PK Defense
1 - 55% - 60% - 1:46
2 - 45% - 40% - 1:25
PK3 Forward
1 - 0% - 60%
2 - 0% - 40%
PK3 Defense
1 - 0% - 60%
2 - 0% - 40%
44 Forward
1 - 100% - 60% - 0:47
2 - 0% - 40% - 0:00
44 Defense
1 - 100% - 60% - 0:47
2 - 0% - 40% - 0:00
Last Minute Offensive  - 0:00
Last Minute Defensive  - 0:00
Total
Forward - 60:00
Defense - 60:00

Play-by-Play

1st period


0:01 of 1st period - Jonathan Huberdeau wins face-off versus Corban Knight in neutral zone.
0:04 of 1st period - Kevin Connauton is hit by Tobias Rieder and loses puck.
0:48 of 1st period - Wrist shot by Michal Jordan.
0:48 of 1st period - Shot Blocked by Zach Trotman.
0:58 of 1st period - Snap shot by Emil Pettersson.
0:58 of 1st period - Shot Blocked by Aaron Ekblad.
1:24 of 1st period - Off-side.
1:25 of 1st period - Tobias Rieder wins face-off versus Sam Carrick in neutral zone.
1:40 of 1st period - Snap shot by Jonathan Huberdeau.
1:40 of 1st period - Shot Misses the Net.
2:01 of 1st period - Slapshot by John Draeger.
2:01 of 1st period - Shot Misses the Net.
2:03 of 1st period - Slapshot by Viktor Baldayev.
2:03 of 1st period - Stopped by Chet Pickard without a rebound.
2:04 of 1st period - Emil Pettersson wins face-off versus Kyle Platzer in Ice Dragons zone.
2:12 of 1st period - Snap shot by William Colbert.
2:12 of 1st period - Deflect By Kyle Platzer.
2:12 of 1st period - Stopped by Chet Pickard without a rebound.
2:13 of 1st period - Emil Pettersson wins face-off versus Roberts Lipsbergs in Ice Dragons zone.
2:18 of 1st period - Snap shot by Michael McCarron.
2:18 of 1st period - Shot Misses the Net.
2:20 of 1st period - Snap shot by Roberts Lipsbergs.
2:20 of 1st period - Stopped by Chet Pickard without a rebound.
2:21 of 1st period - Corban Knight wins face-off versus Michael Latta in Ice Dragons zone.
2:36 of 1st period - Slapshot by Tobias Rieder.
2:36 of 1st period - Shot Misses the Net.
3:11 of 1st period - Wrist shot by Jake Virtanen.
3:11 of 1st period - Shot Blocked by Alex Plante.
3:25 of 1st period - Slapshot by Corban Knight.
3:25 of 1st period - Shot Misses the Net.
3:27 of 1st period - Wrist shot by Corban Knight.
3:27 of 1st period - Shot Misses the Net.
3:29 of 1st period - Wrist shot by Corban Knight.
3:29 of 1st period - Deflect By Billy Sweat.
3:29 of 1st period - Stopped by Igor Bobkov with a rebound.
4:38 of 1st period - Slapshot by Samuel Groulx.
4:38 of 1st period - Stopped by Igor Bobkov with a rebound.
4:54 of 1st period - Wrist shot by Michal Jordan.
4:54 of 1st period - Stopped by Chet Pickard with a rebound.
5:28 of 1st period - Wrist shot by Jonathan Huberdeau.
5:28 of 1st period - Stopped by Chet Pickard with a rebound.
5:30 of 1st period - Snap shot by Aaron Ekblad.
5:30 of 1st period - Stopped by Chet Pickard without a rebound.
5:31 of 1st period - Kyle Platzer wins face-off versus Theodor Blueger in Ice Dragons zone.
5:36 of 1st period - Backhand shot by Kyle Platzer.
5:36 of 1st period - Shot Misses the Net.
5:52 of 1st period - Backhand shot by Michael Latta.
5:52 of 1st period - Stopped by Chet Pickard with a rebound.
6:17 of 1st period - William Carrier is hit by Jerry D'Amigo and loses puck.
6:56 of 1st period - Icing by Samuel Groulx.
6:57 of 1st period - Michael Latta wins face-off versus Corban Knight in Ice Dragons zone.
7:20 of 1st period - Snap shot by Kerby Rychel.
7:20 of 1st period - Stopped by Chet Pickard with a rebound.
7:42 of 1st period - Robin Norell is hit by Tobias Rieder and loses puck.
7:53 of 1st period - Slapshot by Corban Knight.
7:53 of 1st period - Goal by Corban Knight - Remparts : 0 - Ice Dragons : 1.
7:54 of 1st period - Michael Latta wins face-off versus Corban Knight in neutral zone.
7:59 of 1st period - Jonathan Huberdeau is hit by Billy Sweat and loses puck.
8:20 of 1st period - William Carrier is hit by Aaron Ekblad and loses puck.
8:43 of 1st period - Slapshot by Jake Virtanen.
8:43 of 1st period - Deflect By Matt Puempel.
8:43 of 1st period - Shot Blocked by Logan MacMillan.
8:43 of 1st period - Puck is out of play.
8:44 of 1st period - Mitchell Heard wins face-off versus Corban Knight in Ice Dragons zone.
8:45 of 1st period - Slapshot by Jake Virtanen.
8:45 of 1st period - Stopped by Chet Pickard without a rebound.
8:46 of 1st period - Michael Latta wins face-off versus Corban Knight in Ice Dragons zone.
8:51 of 1st period - Slapshot by Jonathan Huberdeau.
8:51 of 1st period - Stopped by Chet Pickard with a rebound.
8:53 of 1st period - Wrist shot by Jonathan Huberdeau.
8:53 of 1st period - Stopped by Chet Pickard with a rebound.
8:55 of 1st period - Wrist shot by Michael Latta.
8:55 of 1st period - Shot Misses the Net.
9:45 of 1st period - Slapshot by Sam Carrick.
9:45 of 1st period - Stopped by Igor Bobkov with a rebound.
10:18 of 1st period - Backhand shot by Logan MacMillan.
10:18 of 1st period - Shot Misses the Net.
10:30 of 1st period - Wrist shot by Emil Pettersson.
10:30 of 1st period - Stopped by Igor Bobkov with a rebound.
10:32 of 1st period - Snap shot by Emil Pettersson.
10:32 of 1st period - Stopped by Igor Bobkov with a rebound.
11:26 of 1st period - Minor Penalty to Kerby Rychel for Hooking.
11:27 of 1st period - Michael Latta wins face-off versus Brandon Kozun in Remparts zone.
11:54 of 1st period - Viktor Baldayev is hit by William Carrier and loses puck.
12:13 of 1st period - Brandon Kozun is hit by Quinton Howden and loses puck.
13:26 of 1st period - Penalty to Kerby Rychel is over, Kerby Rychel is back on ice.
13:42 of 1st period - Wrist shot by Jake Virtanen.
13:42 of 1st period - Stopped by Chet Pickard with a rebound.
14:47 of 1st period - Wrist shot by Tobias Rieder.
14:47 of 1st period - Shot Misses the Net.
14:49 of 1st period - Slapshot by Kyle Platzer.
14:49 of 1st period - Stopped by Chet Pickard with a rebound.
15:22 of 1st period - Minor Penalty to William Colbert for Roughing.
15:23 of 1st period - Michael Latta wins face-off versus Corban Knight in Remparts zone.
15:32 of 1st period - Off-side.
15:33 of 1st period - Corban Knight wins face-off versus Michael Latta in neutral zone.
15:38 of 1st period - Snap shot by Billy Sweat.
15:38 of 1st period - Stopped by Igor Bobkov without a rebound.
15:39 of 1st period - Michael Latta wins face-off versus Corban Knight in Remparts zone.
15:39 of 1st period - Michael Latta is hit by Billy Sweat.
15:53 of 1st period - Snap shot by Corban Knight.
15:53 of 1st period - Stopped by Igor Bobkov with a rebound.
15:55 of 1st period - Slapshot by Jerome Gauthier-Leduc.
15:55 of 1st period - Stopped by Igor Bobkov without a rebound.
15:56 of 1st period - Sam Carrick wins face-off versus Michael Latta in Remparts zone.
16:05 of 1st period - Backhand shot by William Carrier.
16:05 of 1st period - Stopped by Igor Bobkov with a rebound.
16:07 of 1st period - Slapshot by Kevin Connauton.
16:07 of 1st period - Shot Misses the Net.
16:09 of 1st period - Wrist shot by Kevin Connauton.
16:09 of 1st period - Goal by Kevin Connauton - Remparts : 0 - Ice Dragons : 2.
16:10 of 1st period - Jonathan Huberdeau wins face-off versus Corban Knight in neutral zone.
16:28 of 1st period - Minor Penalty to Tobias Rieder for High sticking.
16:29 of 1st period - Brandon Kozun wins face-off versus Michael Latta in Remparts zone.
16:32 of 1st period - Wrist shot by Billy Sweat.
16:32 of 1st period - Goal by Billy Sweat - Remparts : 0 - Ice Dragons : 3.
16:33 of 1st period - Michael Latta wins face-off versus Corban Knight in neutral zone.
16:40 of 1st period - Slapshot by Michael Latta.
16:40 of 1st period - Stopped by Chet Pickard without a rebound.
16:41 of 1st period - Michael Latta wins face-off versus Corban Knight in Ice Dragons zone.
16:46 of 1st period - Wrist shot by Tobias Rieder.
16:46 of 1st period - Stopped by Chet Pickard with a rebound.
17:16 of 1st period - Snap shot by Kerby Rychel.
17:16 of 1st period - Shot Misses the Net.
17:32 of 1st period - Snap shot by Emil Pettersson.
17:32 of 1st period - Shot Misses the Net.
18:04 of 1st period - Slapshot by Michael Latta.
18:04 of 1st period - Goal by Michael Latta - Remparts : 1 - Ice Dragons : 3.
18:05 of 1st period - Corban Knight wins face-off versus Michael Latta in neutral zone.
18:12 of 1st period - Slapshot by Zach Trotman.
18:12 of 1st period - Deflect By Michael Latta.
18:12 of 1st period - Stopped by Igor Bobkov without a rebound.
18:13 of 1st period - Corban Knight wins face-off versus Michael Latta in Remparts zone.
18:47 of 1st period - Off-side.
18:48 of 1st period - Brandon Kozun wins face-off versus Michael Latta in neutral zone.
18:54 of 1st period - Minor Penalty to Tobias Rieder for Roughing.
18:55 of 1st period - Michael Latta wins face-off versus Corban Knight in Remparts zone.
19:30 of 1st period - Snap shot by Sam Carrick.
19:30 of 1st period - Goal by Sam Carrick - Remparts : 1 - Ice Dragons : 4.
19:30 of 1st period - Garret Sparks enters game.
19:31 of 1st period - Corban Knight wins face-off versus Jerry D'Amigo in neutral zone.
19:43 of 1st period - Slapshot by Quinton Howden.
19:43 of 1st period - Stopped by Chet Pickard with a rebound.
19:45 of 1st period - Wrist shot by Kerby Rychel.
19:45 of 1st period - Shot Misses the Net.
Goals for this period are 1 for Remparts vs 4 for Ice Dragons.
Shots for this period are 17 for Remparts vs 14 for Ice Dragons.

2nd period


0:01 of 2nd period - Tobias Rieder wins face-off versus Brandon Kozun in neutral zone.
0:06 of 2nd period - Slapshot by Jonathan Huberdeau.
0:06 of 2nd period - Shot Blocked by Samuel Groulx.
0:56 of 2nd period - Wrist shot by Jake Virtanen.
0:56 of 2nd period - Shot Blocked by Zach Trotman.
0:58 of 2nd period - Snap shot by Aaron Ekblad.
0:58 of 2nd period - Shot Misses the Net.
1:10 of 2nd period - Snap shot by Michael Latta.
1:10 of 2nd period - Deflect By Tobias Rieder.
1:10 of 2nd period - Shot Misses the Net.
1:10 of 2nd period - Puck is out of play.
1:11 of 2nd period - Michael Latta wins face-off versus Corban Knight in Ice Dragons zone.
1:16 of 2nd period - Slapshot by Jonathan Huberdeau.
1:16 of 2nd period - Stopped by Chet Pickard without a rebound.
1:17 of 2nd period - Corban Knight wins face-off versus Michael Latta in Ice Dragons zone.
1:17 of 2nd period - Corban Knight is hit by Jonathan Huberdeau.
2:36 of 2nd period - Off-side.
2:37 of 2nd period - Mitchell Heard wins face-off versus Emil Pettersson in neutral zone.
2:46 of 2nd period - Slapshot by Jake Virtanen.
2:46 of 2nd period - Goal by Jake Virtanen - Remparts : 2 - Ice Dragons : 4.
2:47 of 2nd period - Corban Knight wins face-off versus Michael Latta in neutral zone.
2:52 of 2nd period - Snap shot by Corban Knight.
2:52 of 2nd period - Deflect By Billy Sweat.
2:52 of 2nd period - Stopped by Garret Sparks without a rebound.
2:53 of 2nd period - Corban Knight wins face-off versus Michael Latta in Remparts zone.
4:19 of 2nd period - Wrist shot by William Carrier.
4:19 of 2nd period - Stopped by Garret Sparks with a rebound.
4:21 of 2nd period - Snap shot by Sam Carrick.
4:21 of 2nd period - Shot Blocked by William Colbert.
4:23 of 2nd period - Slapshot by Kevin Connauton.
4:23 of 2nd period - Shot Misses the Net.
4:25 of 2nd period - Wrist shot by Sam Carrick.
4:25 of 2nd period - Shot Misses the Net.
4:31 of 2nd period - Wrist shot by William Carrier.
4:31 of 2nd period - Stopped by Garret Sparks without a rebound.
4:32 of 2nd period - Michael Latta wins face-off versus Corban Knight in Remparts zone.
4:59 of 2nd period - Quinton Howden is hit by Logan MacMillan and loses puck.
5:52 of 2nd period - Icing by Michael Latta.
5:53 of 2nd period - Corban Knight wins face-off versus Michael Latta in Remparts zone.
6:20 of 2nd period - Slapshot by Kerby Rychel.
6:20 of 2nd period - Goal by Kerby Rychel - Remparts : 3 - Ice Dragons : 4.
6:21 of 2nd period - Corban Knight wins face-off versus Michael Latta in neutral zone.
6:48 of 2nd period - William Carrier is hit by Kerby Rychel and loses puck.
7:15 of 2nd period - Wrist shot by Emil Pettersson.
7:15 of 2nd period - Stopped by Garret Sparks with a rebound.
7:17 of 2nd period - Wrist shot by Emil Pettersson.
7:17 of 2nd period - Deflect By Chris Wagner.
7:17 of 2nd period - Stopped by Garret Sparks with a rebound.
7:19 of 2nd period - Wrist shot by Logan MacMillan.
7:19 of 2nd period - Stopped by Garret Sparks with a rebound.
7:33 of 2nd period - Slapshot by Billy Sweat.
7:33 of 2nd period - Shot Blocked by John Draeger.
8:36 of 2nd period - Kevin Connauton is hit by Michal Jordan.
9:33 of 2nd period - Robin Norell is hit by Quinton Howden and loses puck.
9:56 of 2nd period - John Draeger is hit by William Carrier and loses puck.
11:28 of 2nd period - Snap shot by Jerry D'Amigo.
11:28 of 2nd period - Stopped by Chet Pickard without a rebound.
11:29 of 2nd period - Theodor Blueger wins face-off versus Quinton Howden in Ice Dragons zone.
11:54 of 2nd period - Kevin Connauton is hit by Mitchell Heard and loses puck.
12:43 of 2nd period - Snap shot by Kyle Platzer.
12:43 of 2nd period - Shot Blocked by Robin Norell.
13:02 of 2nd period - Wrist shot by Quinton Howden.
13:02 of 2nd period - Shot Misses the Net.
13:04 of 2nd period - Slapshot by Quinton Howden.
13:04 of 2nd period - Shot Misses the Net.
13:54 of 2nd period - Slapshot by Mitchell Heard.
13:54 of 2nd period - Shot Misses the Net.
13:56 of 2nd period - Snap shot by William Colbert.
13:56 of 2nd period - Shot Blocked by Samuel Groulx.
13:58 of 2nd period - Slapshot by Niklas Hansson.
13:58 of 2nd period - Deflect By Billy Sweat.
13:58 of 2nd period - Stopped by Chet Pickard with a rebound.
14:08 of 2nd period - Snap shot by Sam Carrick.
14:08 of 2nd period - Stopped by Garret Sparks without a rebound.
14:09 of 2nd period - Sam Carrick wins face-off versus Kyle Platzer in Remparts zone.
14:24 of 2nd period - William Carrier is hit by Michael McCarron and loses puck.
14:31 of 2nd period - Backhand shot by Justin Shugg.
14:31 of 2nd period - Stopped by Garret Sparks with a rebound.
14:47 of 2nd period - Wrist shot by Sam Carrick.
14:47 of 2nd period - Shot Hit the Post.
14:49 of 2nd period - Snap shot by Justin Shugg.
14:49 of 2nd period - Shot Blocked by Kyle Platzer.
14:51 of 2nd period - Snap shot by Sam Carrick.
14:51 of 2nd period - Stopped by Garret Sparks without a rebound.
14:52 of 2nd period - Corban Knight wins face-off versus Tobias Rieder in Remparts zone.
14:53 of 2nd period - Slapshot by Brandon Kozun.
14:53 of 2nd period - Shot Misses the Net.
14:55 of 2nd period - Snap shot by Billy Sweat.
14:55 of 2nd period - Goal by Billy Sweat - Remparts : 3 - Ice Dragons : 5.
14:56 of 2nd period - Michael Latta wins face-off versus Corban Knight in neutral zone.
15:48 of 2nd period - Snap shot by Mitchell Heard.
15:48 of 2nd period - Stopped by Chet Pickard with a rebound.
15:50 of 2nd period - Slapshot by Niklas Hansson.
15:50 of 2nd period - Shot Misses the Net.
15:52 of 2nd period - Snap shot by Matt Puempel.
15:52 of 2nd period - Stopped by Chet Pickard with a rebound.
15:54 of 2nd period - Snap shot by Jake Virtanen.
15:54 of 2nd period - Shot Misses the Net.
16:10 of 2nd period - Icing by Emil Pettersson.
16:11 of 2nd period - Michael Latta wins face-off versus Emil Pettersson in Ice Dragons zone.
16:14 of 2nd period - Wrist shot by Michael Latta.
16:14 of 2nd period - Deflect By Zach Trotman.
16:14 of 2nd period - Shot Misses the Net.
16:14 of 2nd period - Puck is out of play.
16:15 of 2nd period - Michael Latta wins face-off versus Corban Knight in Ice Dragons zone.
16:19 of 2nd period - Minor Penalty to Kevin Connauton for Hooking.
16:20 of 2nd period - Michael Latta wins face-off versus Corban Knight in Ice Dragons zone.
16:28 of 2nd period - Wrist shot by Jonathan Huberdeau.
16:28 of 2nd period - Shot Misses the Net.
16:30 of 2nd period - Backhand shot by Aaron Ekblad.
16:30 of 2nd period - Deflect By Robin Norell.
16:30 of 2nd period - Stopped by Chet Pickard with a rebound.
18:18 of 2nd period - Slapshot by Kyle Platzer.
18:18 of 2nd period - Stopped by Chet Pickard without a rebound.
18:19 of 2nd period - Penalty to Kevin Connauton is over, Kevin Connauton is back on ice.
18:19 of 2nd period - Sam Carrick wins face-off versus Kyle Platzer in Ice Dragons zone.
18:24 of 2nd period - Snap shot by Sam Carrick.
18:24 of 2nd period - Stopped by Garret Sparks with a rebound.
18:26 of 2nd period - Slapshot by Samuel Groulx.
18:26 of 2nd period - Shot Misses the Net.
18:28 of 2nd period - Slapshot by Kevin Connauton.
18:28 of 2nd period - Stopped by Garret Sparks with a rebound.
18:30 of 2nd period - Snap shot by Justin Shugg.
18:30 of 2nd period - Goal by Justin Shugg - Remparts : 3 - Ice Dragons : 6.
18:31 of 2nd period - Jonathan Huberdeau wins face-off versus Corban Knight in neutral zone.
18:44 of 2nd period - Snap shot by Michael Latta.
18:44 of 2nd period - Deflect By Tobias Rieder.
18:44 of 2nd period - Shot Blocked by Brandon Kozun.
18:44 of 2nd period - Puck is out of play.
18:45 of 2nd period - Corban Knight wins face-off versus Michael Latta in Ice Dragons zone.
18:45 of 2nd period - Corban Knight is hit by Michael Latta.
19:35 of 2nd period - Slapshot by Michal Jordan.
19:35 of 2nd period - Stopped by Chet Pickard without a rebound.
19:36 of 2nd period - Mitchell Heard wins face-off versus Emil Pettersson in Ice Dragons zone.
19:55 of 2nd period - Logan MacMillan is hit by Jake Virtanen and loses puck.
Goals for this period are 2 for Remparts vs 2 for Ice Dragons.
Shots for this period are 10 for Remparts vs 13 for Ice Dragons.

3rd period


0:01 of 3rd period - Michael Latta wins face-off versus Corban Knight in neutral zone.
0:27 of 3rd period - Kerby Rychel is hit by Justin Shugg and loses puck.
0:54 of 3rd period - Snap shot by Mitchell Heard.
0:54 of 3rd period - Shot Misses the Net.
1:08 of 3rd period - Backhand shot by Corban Knight.
1:08 of 3rd period - Stopped by Garret Sparks without a rebound.
1:09 of 3rd period - Corban Knight wins face-off versus Michael Latta in Remparts zone.
1:19 of 3rd period - Off-side.
1:20 of 3rd period - Corban Knight wins face-off versus Michael Latta in neutral zone.
1:29 of 3rd period - Snap shot by Corban Knight.
1:29 of 3rd period - Shot Misses the Net.
1:31 of 3rd period - Snap shot by Samuel Groulx.
1:31 of 3rd period - Shot Misses the Net.
1:57 of 3rd period - Wrist shot by Emil Pettersson.
1:57 of 3rd period - Shot Misses the Net.
2:23 of 3rd period - Snap shot by Michael Latta.
2:23 of 3rd period - Stopped by Chet Pickard with a rebound.
2:41 of 3rd period - Wrist shot by Jonathan Huberdeau.
2:41 of 3rd period - Shot Blocked by Alex Plante.
2:43 of 3rd period - Slapshot by William Colbert.
2:43 of 3rd period - Shot Misses the Net.
2:45 of 3rd period - Slapshot by Niklas Hansson.
2:45 of 3rd period - Stopped by Chet Pickard without a rebound.
2:46 of 3rd period - Corban Knight wins face-off versus Quinton Howden in Ice Dragons zone.
2:46 of 3rd period - Corban Knight is hit by Quinton Howden.
4:02 of 3rd period - Brandon Kozun is hit by Quinton Howden and loses puck.
4:23 of 3rd period - Snap shot by Kyle Platzer.
4:23 of 3rd period - Stopped by Chet Pickard without a rebound.
4:24 of 3rd period - Corban Knight wins face-off versus Kyle Platzer in Ice Dragons zone.
4:24 of 3rd period - Corban Knight is hit by Michael McCarron.
4:30 of 3rd period - William Colbert is hit by Brandon Kozun and loses puck.
5:13 of 3rd period - Wrist shot by Matt Puempel.
5:13 of 3rd period - Shot Misses the Net.
6:45 of 3rd period - William Carrier is hit by Tobias Rieder and loses puck.
7:33 of 3rd period - Mitchell Heard is hit by Sam Carrick and loses puck.
8:51 of 3rd period - Alex Plante is hit by Tobias Rieder and loses puck.
9:08 of 3rd period - John Draeger is hit by Zach Trotman and loses puck.
9:14 of 3rd period - Icing by Viktor Baldayev.
9:15 of 3rd period - Theodor Blueger wins face-off versus Mitchell Heard in Remparts zone.
9:35 of 3rd period - Backhand shot by Mitchell Heard.
9:35 of 3rd period - Shot Blocked by Kevin Connauton.
9:37 of 3rd period - Snap shot by Matt Puempel.
9:37 of 3rd period - Shot Misses the Net.
9:39 of 3rd period - Slapshot by Matt Puempel.
9:39 of 3rd period - Shot Misses the Net.
9:41 of 3rd period - Wrist shot by Niklas Hansson.
9:41 of 3rd period - Stopped by Chet Pickard without a rebound.
9:42 of 3rd period - Michael Latta wins face-off versus Corban Knight in Ice Dragons zone.
10:07 of 3rd period - Quinton Howden is hit by Sam Carrick and loses puck.
10:22 of 3rd period - Logan MacMillan is hit by Quinton Howden and loses puck.
10:55 of 3rd period - Slapshot by Samuel Groulx.
10:55 of 3rd period - Deflect By Aaron Ekblad.
10:55 of 3rd period - Stopped by Garret Sparks without a rebound.
10:56 of 3rd period - Sam Carrick wins face-off versus Kyle Platzer in Remparts zone.
11:19 of 3rd period - Snap shot by Michael McCarron.
11:19 of 3rd period - Shot Misses the Net.
11:21 of 3rd period - Snap shot by Kyle Platzer.
11:21 of 3rd period - Shot Misses the Net.
11:23 of 3rd period - Snap shot by Michael McCarron.
11:23 of 3rd period - Stopped by Chet Pickard with a rebound.
11:25 of 3rd period - Wrist shot by Kyle Platzer.
11:25 of 3rd period - Deflect By Michael McCarron.
11:25 of 3rd period - Stopped by Chet Pickard without a rebound.
11:26 of 3rd period - Corban Knight wins face-off versus Michael Latta in Ice Dragons zone.
11:36 of 3rd period - Minor Penalty to Corban Knight for Cross-checking.
11:37 of 3rd period - Michael Latta wins face-off versus Emil Pettersson in Ice Dragons zone.
11:37 of 3rd period - Snap shot by Jonathan Huberdeau.
11:37 of 3rd period - Stopped by Chet Pickard with a rebound.
12:48 of 3rd period - Minor Penalty to Michael Latta for Elbowing.
12:49 of 3rd period - Jake Virtanen wins face-off versus Chris Wagner in Remparts zone.
12:51 of 3rd period - Icing by Jonathan Huberdeau.
12:52 of 3rd period - Chris Wagner wins face-off versus Jake Virtanen in Remparts zone.
12:57 of 3rd period - Wrist shot by Logan MacMillan.
12:57 of 3rd period - Deflect By Chris Wagner.
12:57 of 3rd period - Stopped by Garret Sparks without a rebound.
12:58 of 3rd period - Jake Virtanen wins face-off versus Chris Wagner in Remparts zone.
13:18 of 3rd period - Jerome Gauthier-Leduc is hit by Jonathan Huberdeau and loses puck.
13:36 of 3rd period - Penalty to Corban Knight is over, Corban Knight is back on ice.
13:41 of 3rd period - Wrist shot by Jake Virtanen.
13:41 of 3rd period - Shot Blocked by Logan MacMillan.
13:43 of 3rd period - Slapshot by Michal Jordan.
13:43 of 3rd period - Shot Misses the Net.
14:48 of 3rd period - Penalty to Michael Latta is over, Michael Latta is back on ice.
14:56 of 3rd period - Icing by Brandon Kozun.
14:57 of 3rd period - Corban Knight wins face-off versus Mitchell Heard in Ice Dragons zone.
15:12 of 3rd period - Justin Shugg is hit by Michael McCarron and loses puck.
15:21 of 3rd period - Snap shot by William Carrier.
15:21 of 3rd period - Stopped by Garret Sparks with a rebound.
15:43 of 3rd period - Snap shot by Kyle Platzer.
15:43 of 3rd period - Goal by Kyle Platzer - Remparts : 4 - Ice Dragons : 6.
15:44 of 3rd period - Michael Latta wins face-off versus Corban Knight in neutral zone.
15:57 of 3rd period - Slapshot by Kevin Connauton.
15:57 of 3rd period - Stopped by Garret Sparks with a rebound.
15:59 of 3rd period - Wrist shot by Corban Knight.
15:59 of 3rd period - Shot Misses the Net.
16:25 of 3rd period - Minor Penalty to Mitchell Heard for Tripping.
16:26 of 3rd period - Corban Knight wins face-off versus Michael Latta in Remparts zone.
16:29 of 3rd period - Wrist shot by Corban Knight.
16:29 of 3rd period - Stopped by Garret Sparks without a rebound.
16:30 of 3rd period - Michael Latta wins face-off versus Brandon Kozun in Remparts zone.
16:57 of 3rd period - Wrist shot by Sam Carrick.
16:57 of 3rd period - Goal by Sam Carrick - Remparts : 4 - Ice Dragons : 7.
16:58 of 3rd period - Corban Knight wins face-off versus Michael Latta in neutral zone.
17:32 of 3rd period - Snap shot by Kerby Rychel.
17:32 of 3rd period - Deflect By Jerry D'Amigo.
17:32 of 3rd period - Stopped by Chet Pickard without a rebound.
17:33 of 3rd period - Michael Latta wins face-off versus Sam Carrick in Ice Dragons zone.
17:38 of 3rd period - Snap shot by Michael Latta.
17:38 of 3rd period - Shot Misses the Net.
17:40 of 3rd period - Wrist shot by Jonathan Huberdeau.
17:40 of 3rd period - Goal by Jonathan Huberdeau - Remparts : 5 - Ice Dragons : 7.
17:41 of 3rd period - Emil Pettersson wins face-off versus Mitchell Heard in neutral zone.
18:09 of 3rd period - Aaron Ekblad is hit by Billy Sweat and loses puck.
18:16 of 3rd period - Wrist shot by Corban Knight.
18:16 of 3rd period - Stopped by Garret Sparks without a rebound.
18:17 of 3rd period - Michael Latta wins face-off versus Billy Sweat in Remparts zone.
18:17 of 3rd period - Michael Latta is hit by Zach Trotman.
18:51 of 3rd period - Snap shot by Matt Puempel.
18:51 of 3rd period - Stopped by Chet Pickard with a rebound.
Goals for this period are 2 for Remparts vs 1 for Ice Dragons.
Shots for this period are 11 for Remparts vs 8 for Ice Dragons.